 Dungeon Crawl Stone Soup version 0.24-a0-584-g9d6b971ae4 (webtiles) character file.

Game seed: 12050362503407499698, levelgen mode: deterministic

29470 MordorOrchid the Reanimator (level 13, -3/98 HPs)
             Began as a Gnoll Necromancer on Sept 2, 2019.
             Was a High Priest of Yredelemnul.
             Slain by a death yak (5 damage)
             ... on level 6 of the Lair of Beasts.
             The game lasted 01:40:26 (10132 turns).

MordorOrchid the Reanimator (Gnoll Necromancer)    Turns: 10132, Time: 01:40:27

Health: -3/98      AC: 14    Str: 11    XL:     13   Next: 45%
Magic:  0/26       EV: 12    Int: 23    God:    Yredelemnul [*****.]
Gold:   898        SH: 10    Dex: 15    Spells: 9/31 levels left

rFire    . . .     SeeInvis +   y - +2 short sword (venom)
rCold    . . .     Gourm    .   w - +0 shield
rNeg     . . .     Faith    .   x - +0 scale mail
rPois    +         Spirit   +   f - +2 helmet {SInv}
rElec    .         Reflect  .   s - scarf {Spirit}
rCorr    .         Harm     .   E - +0 pair of gloves
MR       .....                  p - +0 pair of boots
Stlth    +++.......             (no amulet)
HPRegen  0.26/turn              h - ring of wizardry
MPRegen  0.20/turn              H - ring of poison resistance

@: confusing touch, very slightly contaminated
A: distributed training, fangs 1, strong nose
a: Recall Undead Slaves, Injury Mirror, Animate Dead, Drain Life, Enslave Soul,
Renounce Religion


You were on level 6 of the Lair of Beasts.
You worshipped Yredelemnul.
Yredelemnul was extremely pleased with you.
You were not hungry.

You visited 3 branches of the dungeon, and saw 15 of its levels.
You also visited: Ossuary and Ice Cave.

You collected 898 gold pieces.

Inventory:

Hand Weapons
 a - a +4 falchion of flaming
 b - the +2 demon whip of Supply {flame, MR+ SInv}
   (You found it in an ice cave)

   It has been specially enchanted to burn those struck by it, causing extra
   injury to most foes and up to half again as much damage against particularly
   susceptible opponents.
   It affects your resistance to hostile enchantments.
   It lets you see invisible.
 d - a +2 war axe of electrocution
 j - a +0 hunting sling
 u - a +1 dagger of chaos
 y - a +2 short sword of venom (weapon)
 O - the cursed +2 dagger of Suicidal Tendencies {pierce, rF+ Int+2}
   (You found it on level 2 of the Lair of Beasts)

   It inflicts extra damage upon your enemies.
   It affects your intelligence (+2).
   It protects you from fire.
   It has a curse placed upon it.
Missiles
 g - 7 javelins (quivered)
 m - 127 sling bullets
 N - 69 bolts
Armour
 f - a +2 helmet of see invisible (worn)
 p - a +0 pair of boots (worn)
 s - a scarf of spirit shield (worn)
 w - a +0 shield (worn)
 x - a +0 scale mail (worn)
 E - a +0 pair of gloves (worn)
 P - a +1 troll leather armour
Magical Staves
 z - an uncursed staff of wizardry
 Q - an uncursed staff of death
Jewellery
 h - a ring of wizardry (left hand)
 q - an uncursed ring of protection from cold
 G - an uncursed ring of protection from cold
 H - a ring of poison resistance (right hand)
 K - an uncursed ring of resist corrosion
 V - an uncursed ring of fire
Wands
 l - a wand of paralysis (5)
 r - a wand of random effects (33)
 t - a wand of acid (5)
 B - a wand of iceblast (11)
 M - a wand of disintegration (12)
 R - a wand of enslavement (6)
Scrolls
 e - 7 scrolls of teleportation
 v - 11 scrolls of remove curse
 C - a scroll of magic mapping {unknown}
 F - a scroll of holy word {unknown}
 S - a scroll of enchant armour {unknown}
 T - a scroll of immolation {unknown}
 U - a scroll of fog
 W - 5 scrolls of fear
Potions
 i - 4 potions of curing
 k - a potion of resistance
 n - a potion of agility {unknown}
 o - 3 potions of brilliance
 A - a potion of lignification
 D - 4 potions of flight
 I - a potion of experience {unknown}
 J - 2 potions of might
 L - 8 potions of haste
 X - a potion of magic
 Y - a potion of ambrosia
 Z - a potion of invisibility
Comestibles
 c - 41 rations


   Skills:
 + Level 8.1 Fighting
 + Level 8.1 Short Blades
 + Level 8.1 Long Blades
 + Level 8.1 Axes
 + Level 8.1 Maces & Flails
 + Level 8.1 Polearms
 + Level 8.1 Staves
 + Level 8.1 Slings
 + Level 8.1 Bows
 + Level 8.1 Crossbows
 + Level 8.1 Throwing
 + Level 8.1 Armour
 + Level 9.4 Dodging
 + Level 9.2 Stealth
 + Level 8.1 Shields
 + Level 8.1 Unarmed Combat
 + Level 9.6 Spellcasting
 + Level 6.8 Conjurations
 + Level 6.8 Hexes
 + Level 6.8 Charms
 + Level 6.8 Summonings
 + Level 9.9 Necromancy
 + Level 6.8 Translocations
 + Level 6.8 Transmutations
 + Level 6.8 Fire Magic
 + Level 6.8 Ice Magic
 + Level 6.8 Air Magic
 + Level 6.8 Earth Magic
 + Level 6.8 Poison Magic
 + Level 8.9 Invocations
 + Level 8.1 Evocations


You had 9 spell levels left.
You knew the following spells:

 Your Spells              Type           Power        Failure   Level  Hunger
a - Pain                  Necr           ####         1%          1    None
b - Animate Dead          Necr           N/A          4%          4    ##.....
j - Summon Lightning Spi  Summ/Air       #####...     16%         4    ##.....
k - Regeneration          Chrm/Necr      #####.....   2%          3    None
u - Animate Skeleton      Necr           N/A          1%          1    None
v - Vampiric Draining     Necr           ######....   1%          3    None
z - Apportation           Tloc           #####.       1%          1    None
A - Confusing Touch       Hex            #####.       1%          1    None
J - Fulminant Prism       Conj/Hex       #####.....   16%         4    ##.....

Your spell library contained the following spells:

 Spells                   Type           Power        Failure   Level  Hunger
 Magic Dart               Conj           ####         1%          1    None
 Summon Small Mammal      Summ           ####         1%          1    None
 Call Imp                 Summ           #####...     2%          2    None
 Searing Ray              Conj           #####.       2%          2    None
 Call Canine Familiar     Summ           #####...     4%          3    None
 Dazzling Spray           Conj/Hex       #####.       4%          3    None
 Summon Guardian Golem    Hex/Summ       #####...     4%          3    None
 Force Lance              Conj/Tloc      #####...     16%         4    ##.....
 Ice Form                 Ice/Tmut       #####...     16%         4    ##.....
 Iskenderun's Mystic Bla  Conj           #####...     16%         4    ##.....
 Summon Ice Beast         Ice/Summ       #####...     16%         4    ##.....
 Metabolic Englaciation   Hex/Ice        #####.....   38%         5    ####...
 Simulacrum               Ice/Necr       #####.....   75%         6    ######.
 Bolt of Cold             Conj/Ice       #####.....   91%         6    ######.
 Freezing Cloud           Conj/Ice/Air   #####.....   91%         6    ######.
 Ozocubu's Refrigeration  Ice            #####.....   91%         6    ######.


Dungeon Overview and Level Annotations

Branches:
Dungeon (8/15)             Temple (1/1) D:6            Lair (6/6) D:8
  Swamp (0/4) Lair:3        Snake (0/4) Lair:4        Slime (0/5) Lair:5
Ossuary (visited)           IceCv (visited)

Altars:
Ashenzari
Dithmenos
Elyvilon
Fedhas
Gozag
Hepliaklqana
Kikubaaqudgha
Makhleb
Nemelex Xobeh
Okawaru
Qazlal
Ru
Sif Muna
Trog
Uskayaw
Wu Jian
Xom
Yredelemnul
Zin
The Shining One
Jiyva
Lugonu

Shops:
D:7 %=[   D:8 [

Annotations:
Lair:3 1 exclusion


Innate Abilities, Weirdness & Mutations

Your experience applies equally to all skills.
You have very sharp teeth.
Your uncanny sense of smell can sniff out nearby items.


Message History

The death yak is moderately wounded.
The death yak seems less confused.
You block the death yak's attack.
Casting: Confusing Touch (safe; 1% risk of failure)
Confirm with . or Enter, or press ? or * to list all spells.
You miscast Confusing Touch.
You are very lightly contaminated with residual magic.
Nothing appears to happen.
You block the death yak's attack.
Casting: Confusing Touch (safe; 1% risk of failure)
Confirm with . or Enter, or press ? or * to list all spells.
Your hands begin to glow red.
The death yak gores you.
* * * LOW HITPOINT WARNING * * *
You hit the death yak but do no damage.
The death yak is moderately wounded.
The death yak gores you!
* * * LOW HITPOINT WARNING * * *
You hit the death yak but do no damage.
The death yak is moderately wounded.
The death yak gores you.
You die...
Your body rises from the dead as a mindless zombie.

...#...........P........#
..###%..#......#.......#.
..##...)......#........#
....#..#......#........# ###
...###...###...#......######..# #
....#......##..#.....#........###
.# #...........##................
##....#####....##YY..............
#...............@#...............
.....^...........#...P........P..
..#...8...8...#..#...............
........<........................
..#...8...8......#...............
...#.........##..#...............
#....#.....#.#..##....P.........P
.#.....###.....##................
.............####................


You could see 2 death yaks.

Vanquished Creatures
  Rupert (Lair:3)
  A reaper (IceCv)
  A hydra (Lair:4)
  2 death yaks (Lair:6)
  Urug (Lair:6)
  3 elephants (Lair:6)
  2 black mambas
  A torpor snail (Lair:5)
  2 ice statues (IceCv)
  6 spiny frogs
  3 rime drakes (Lair:3)
  6 ice devils (IceCv)
  A polar bear (Lair:6)
  15 blink frogs
  A bog body (Lair:3)
  3 dream sheep (Lair:4)
  3 hippogriffs
  Sigmund (D:6)
  2 wyverns
  20 yaks
  2 basilisks
  A hungry ghost (D:8)
  Menkaure (Ossuary)
  3 nagas (Lair:4)
  7 water moccasins
  6 porcupines
  An ice beast (D:8)
  An orc warrior (D:8)
  A sky beast (D:5)
  An ogre (D:7)
  A necrophage (D:7)
  5 wolves
  4 centaurs
  3 phantoms
  6 crocodiles
  5 bullfrogs
  A scorpion (D:6)
  4 howler monkeys
  4 crimson imps
  3 hounds
  5 jellies
  6 orc priests
  2 iguanas
  7 orc wizards
  Natasha (thrice) (D:3)
  4 worker ants
  A hound zombie (D:6)
  3 mummies (Ossuary)
  Robin (D:4)
  3 gnolls (D:7)
  7 adders
  A shadow imp (D:5)
  10 white imps (IceCv)
  7 ufetubi (IceCv)
  8 oozes
  2 adder zombies
  6 worms
  3 dart slugs
  4 leopard geckos
  25 orcs
  5 giant cockroaches
  20 goblins
  6 hobgoblins
  20 jackals
  4 kobolds
  3 quokkas
  A ball python (D:3)
  8 bats
  8 frilled lizards
  2 gnoll skeletons (Ossuary)
  3 gnoll zombies (Ossuary)
  6 goblin skeletons (Ossuary)
  2 goblin zombies (Ossuary)
  6 hobgoblin skeletons (Ossuary)
  4 hobgoblin zombies (Ossuary)
  A kobold skeleton (Ossuary)
  6 kobold zombies (Ossuary)
  A leopard gecko skeleton (D:4)
  3 orc skeletons (Ossuary)
  7 orc zombies (Ossuary)
  2 quokka skeletons
  5 rats
  6 rat skeletons (Ossuary)
  3 rat zombies (Ossuary)
  3 plants (Lair:6)
378 creatures vanquished.

Vanquished Creatures (collateral kills)
  A hydra (Lair:5)
  A death yak (Lair:6)
  An elephant (Lair:6)
  5 spiny frogs
  A rime drake (Lair:4)
  An ice devil (IceCv)
  3 komodo dragons
  2 polar bears
  2 dream sheep (Lair:4)
  2 hippogriffs
  10 blink frogs
  A wyvern (Lair:6)
  A basilisk (D:8)
  14 yaks
  2 nagas (Lair:4)
  3 porcupines
  3 water moccasins
  A black bear (Lair:6)
  A phantom (D:7)
  9 wolves
  2 ogres
  6 crocodiles
  3 bullfrogs
  A hound (D:8)
  A howler monkey (D:8)
  2 crimson imps
  A bullfrog skeleton (D:8)
  5 adders
  An ufetubus (IceCv)
  An ooze (D:3)
  4 orcs
  2 giant cockroaches
  4 jackals
  A bat (D:1)
  A leopard gecko skeleton (D:4)
  2 rats
  5 fungi
  5 plants
111 creatures vanquished.

Vanquished Creatures (others)
  4 flying skulls (IceCv)
  2 wraiths
  A wight (Lair:6)
  A crocodile zombie (Lair:2)
  A mummy (Lair:3)
  A white imp (IceCv)
  3 ufetubi (IceCv)
  A kobold skeleton (Ossuary)
  8 fulminant prisms
  2 fungi
  16 plants
40 creatures vanquished.

Grand Total: 529 creatures vanquished

Notes
Turn   | Place    | Note
-------+----------+-------------------------------------------
     0 | D:1      | MordorOrchid the Gnoll Necromancer began the quest for the
                  | Orb.
     0 | D:1      | Reached XP level 1. HP: 13/13 MP: 6/6
    68 | D:1      | Reached XP level 2. HP: 14/19 MP: 3/7
    95 | D:1      | Learned a level 1 spell: Animate Skeleton
   266 | D:1      | Reached XP level 3. HP: 25/25 MP: 9/9
   271 | D:1      | Learned a level 3 spell: Vampiric Draining
   275 | D:1      | Learned a level 3 spell: Regeneration
   384 | D:1      | Reached skill level 5 in Spellcasting
   768 | D:1      | Reached skill level 1 in Invocations
  1055 | D:3      | Reached skill level 1 in Fighting
  1055 | D:3      | Reached skill level 1 in Short Blades
  1055 | D:3      | Reached skill level 1 in Long Blades
  1055 | D:3      | Reached skill level 1 in Axes
  1055 | D:3      | Reached skill level 1 in Maces & Flails
  1055 | D:3      | Reached skill level 1 in Polearms
  1055 | D:3      | Reached skill level 1 in Staves
  1055 | D:3      | Reached skill level 1 in Slings
  1055 | D:3      | Reached skill level 1 in Bows
  1055 | D:3      | Reached skill level 1 in Crossbows
  1055 | D:3      | Reached skill level 1 in Throwing
  1055 | D:3      | Reached skill level 1 in Armour
  1055 | D:3      | Reached skill level 1 in Shields
  1055 | D:3      | Reached skill level 1 in Unarmed Combat
  1055 | D:3      | Reached skill level 1 in Evocations
  1075 | D:3      | Found a burning altar of Makhleb.
  1076 | D:3      | Found a shimmering altar of Xom.
  1084 | D:3      | Reached XP level 4. HP: 27/32 MP: 7/11
  1103 | D:3      | Reached skill level 1 in Conjurations
  1103 | D:3      | Reached skill level 1 in Hexes
  1103 | D:3      | Reached skill level 1 in Charms
  1103 | D:3      | Reached skill level 1 in Summonings
  1103 | D:3      | Reached skill level 1 in Translocations
  1103 | D:3      | Reached skill level 1 in Transmutations
  1103 | D:3      | Reached skill level 1 in Fire Magic
  1103 | D:3      | Reached skill level 1 in Ice Magic
  1103 | D:3      | Reached skill level 1 in Air Magic
  1103 | D:3      | Reached skill level 1 in Earth Magic
  1103 | D:3      | Reached skill level 1 in Poison Magic
  1133 | D:3      | Found an iron altar of Okawaru.
  1133 | D:3      | Found a shimmering blue altar of Sif Muna.
  1205 | D:3      | Reached XP level 5. HP: 28/37 MP: 3/12
  1410 | D:2      | Found a sacrificial altar of Ru.
  1445 | D:2      | Learned a level 1 spell: Confusing Touch
  1447 | D:2      | Learned a level 1 spell: Apportation
  1752 | D:3      | Noticed Natasha
  1834 | D:3      | Killed Natasha
  1834 | D:3      | Reached XP level 6. HP: 42/44 MP: 10/13
  1935 | D:3      | Noticed Natasha
  2254 | D:3      | Killed Natasha
  2254 | D:3      | Reached skill level 5 in Dodging
  2267 | D:3      | Noticed Natasha
  2272 | D:3      | Killed Natasha
  2446 | D:4      | Reached XP level 7. HP: 34/50 MP: 5/15
  2514 | D:4      | Found a stormy altar of Qazlal.
  2753 | D:4      | Found a sparkling altar of Nemelex Xobeh.
  2885 | D:4      | Noticed Robin
  2947 | D:4      | Killed Robin
  3025 | D:4      | You fall into a shaft and drop 3 floors!
  3090 | D:5      | Entered Level 5 of the Dungeon
  3175 | D:5      | Reached skill level 5 in Stealth
  3243 | D:5      | Reached XP level 8. HP: 36/57 MP: 16/16
  3578 | D:5      | Found a sand-covered staircase.
  3600 | Ossuary  | Entered an ossuary
  3867 | Ossuary  | Noticed Menkaure
  3886 | Ossuary  | Killed Menkaure
  3996 | D:5      | Found an ornate altar of the Wu Jian Council.
  4220 | D:6      | Reached XP level 9. HP: 65/65 MP: 18/18
  4474 | D:6      | Found a glowing golden altar of the Shining One.
  4519 | D:6      | Found a staircase to the Ecumenical Temple.
  4525 | D:6      | Noticed Sigmund
  4558 | D:6      | Killed Sigmund
  4569 | Temple   | Entered the Ecumenical Temple
  4660 | Temple   | Became a worshipper of Yredelemnul the Dark
  4851 | D:7      | Found Cicis's Armour Boutique.
  4859 | D:7      | Learned a level 4 spell: Animate Dead
  4875 | D:7      | Found Tixeliusch's Food Shop.
  5017 | D:7      | Found Xefuj's Jewellery Boutique.
  5022 | D:7      | Found Viffiecy's Assorted Antiques.
  5095 | D:7      | Found a shattered altar of Ashenzari.
  5265 | D:7      | Reached skill level 5 in Invocations
  5297 | D:7      | Reached XP level 10. HP: 33/71 MP: 17/20
  5323 | D:8      | Found a staircase to the Lair.
  5340 | D:7      | Reached * piety under Yredelemnul
  5466 | D:8      | Reached skill level 5 in Fighting
  5466 | D:8      | Reached skill level 5 in Short Blades
  5466 | D:8      | Reached skill level 5 in Long Blades
  5466 | D:8      | Reached skill level 5 in Axes
  5466 | D:8      | Reached skill level 5 in Maces & Flails
  5466 | D:8      | Reached skill level 5 in Polearms
  5466 | D:8      | Reached skill level 5 in Staves
  5466 | D:8      | Reached skill level 5 in Slings
  5466 | D:8      | Reached skill level 5 in Bows
  5466 | D:8      | Reached skill level 5 in Crossbows
  5466 | D:8      | Reached skill level 5 in Throwing
  5466 | D:8      | Reached skill level 5 in Armour
  5466 | D:8      | Reached skill level 5 in Shields
  5466 | D:8      | Reached skill level 5 in Unarmed Combat
  5466 | D:8      | Reached skill level 5 in Evocations
  5506 | D:8      | Found Jitaujey's Antique Armour Boutique.
  5994 | Lair:1   | Entered Level 1 of the Lair of Beasts
  6082 | Lair:1   | Reached ** piety under Yredelemnul
  6162 | Lair:1   | Noticed a spiny frog
  6167 | Lair:1   | Killed a spiny frog
  6256 | Lair:1   | Noticed a spiny frog
  6263 | Lair:1   | Killed a spiny frog
  6263 | Lair:1   | Reached XP level 11. HP: 25/81 MP: 16/22
  6668 | Lair:2   | Got a pitted dagger
  6710 | Lair:2   | Reached skill level 5 in Conjurations
  6710 | Lair:2   | Reached skill level 5 in Hexes
  6710 | Lair:2   | Reached skill level 5 in Charms
  6710 | Lair:2   | Reached skill level 5 in Summonings
  6710 | Lair:2   | Reached skill level 5 in Translocations
  6710 | Lair:2   | Reached skill level 5 in Transmutations
  6710 | Lair:2   | Reached skill level 5 in Fire Magic
  6710 | Lair:2   | Reached skill level 5 in Ice Magic
  6710 | Lair:2   | Reached skill level 5 in Air Magic
  6710 | Lair:2   | Reached skill level 5 in Earth Magic
  6710 | Lair:2   | Reached skill level 5 in Poison Magic
  6745 | Lair:3   | Identified the cursed +2 dagger of Suicidal Tendencies
                  | {pierce, rF+ Int+2} (You found it on level 2 of the Lair of
                  | Beasts)
  6810 | Lair:3   | Reached *** piety under Yredelemnul
  6863 | Lair:3   | Found a staircase to the Swamp.
  6987 | Lair:3   | Found a frozen archway.
  7011 | Lair:3   | Received a gift from Yredelemnul (a mummy)
  7071 | IceCv    | Entered an ice cave
  7570 | IceCv    | Received a gift from Yredelemnul (4 flying skulls)
  7593 | IceCv    | Reached XP level 12. HP: 46/89 MP: 8/24
  7638 | IceCv    | Noticed a reaper
  7653 | IceCv    | Killed a reaper
  7667 | IceCv    | Got a polished demon whip
  8019 | Lair:3   | Learned a level 4 spell: Summon Lightning Spire
  8042 | Lair:3   | Noticed Rupert
  8047 | Lair:3   | Paralysed by Rupert for 4 turns
  8064 | Lair:3   | Killed Rupert
  8138 | Lair:3   | Learned a level 4 spell: Fulminant Prism
  8178 | Lair:4   | Reached **** piety under Yredelemnul
  8184 | Lair:4   | Received a gift from Yredelemnul (a wraith)
  8358 | Lair:4   | Found a staircase to the Snake Pit.
  8514 | Lair:4   | Noticed a four-headed hydra
  8525 | Lair:4   | Killed a two-headed hydra
  8571 | Lair:4   | Received a gift from Yredelemnul (a wraith)
  8757 | Lair:5   | Found an ancient bone altar of Kikubaaqudgha.
  8809 | Lair:5   | HP: 3/91 [polar bear (9)]
  8972 | Lair:5   | Found a staircase to the Slime Pits.
  8972 | Lair:5   | Found a viscous altar of Jiyva.
  9075 | Lair:5   | Noticed a seven-headed hydra
  9094 | Lair:5   | Killed a four-headed hydra
  9094 | Lair:5   | Reached XP level 13. HP: 91/98 MP: 7/26
  9222 | Lair:6   | Entered Level 6 of the Lair of Beasts
  9623 | Lair:6   | Reached ***** piety under Yredelemnul
  9624 | Lair:6   | Received a gift from Yredelemnul (a wraith)
  9637 | Lair:6   | Noticed Urug
  9652 | Lair:6   | Killed Urug
  9769 | Lair:6   | Identified the +2 demon whip of Supply {flame, MR+ SInv}
                  | (You found it in an ice cave)
  9898 | Lair:6   | Received a gift from Yredelemnul (a wight)
 10131 | Lair:6   | HP: 1/98 [death yak (16)]
 10132 | Lair:6   | Slain by a death yak

Levels and vault maps discovered:
D:1:      wander_arrival_chamber, layout_basic, hex_medium
D:2:      layout_basic, nicolae_ru_sacrificial_ziggurat
D:3:      kennysheep_big_flooded_room, layout_basic,
          grunt_temple_overflow_champion_of_chaos,
          gammafunk_temple_overflow_statue, serial_forest,
          infiniplex_forest_clump_tiny, infiniplex_forest_lined_room_2,
          infiniplex_forest_lined_room_2, infiniplex_forest_end_1,
          infiniplex_forest_lined_4_way, infiniplex_forest_clump_diagonal,
          infiniplex_forest_fountain, feat_on_display, uniq_natasha
D:4:      layout_basic, kennysheep_slug_shrine, nemelex_altar_shiori,
          lemuel_coloured_pillars_altar, uniq_duvessa, uniq_robin
D:5:      layout_loops_cross, old_standard_altar, nicolae_ossuary_entry_ruins,
          first_ration, corexii_checkpoint_b
D:6:      layout_basic, minmay_temple_entry_large_hall,
          nicolae_tso_carved_into_rock, uniq_sigmund
D:7:      layout_basic, kennysheep_mini_moat, serial_shops, shop_fountains,
          nicolae_shop_trees, nicolae_shop_statue_plus, nicolae_shop_stone
D:8:      layout_loops_cross, minmay_lair_entry_grove, serial_shops, shop,
          hangedman_little_slice_of_home
Temple:   kb_corrupted_temple
Lair:1:   layout_cave_pods
Lair:2:   layout_misc_corridors, chequers_serial_rivers_large_a, wad_woods_03,
          minmay_lair_oklob_chamber
Lair:3:   layout_regular_city, skrybe_swamp_entry_bodies, portal_ice_cave_rime,
          lemuel_fruit_tree, uniq_rupert
Lair:4:   layout_misc_corridors, minmay_snake_entry_guardpost_medium
Lair:5:   layout_cave_shapes, slime_altar_1, basic_altar
Lair:6:   grunt_lair_end_beastmaster, layout_gridlike, serial_bayou_pond_d,
          lemuel_fruit_fields, grunt_megastairs_2, uniq_urug

Skill      XL: |  1  2  3  4  5  6  7  8  9 10 11 12 13 |
---------------+----------------------------------------+-----
Spellcasting   | 5 6 7 8 9 |  9.6
Invocations    | 1 2 3 4 5 6 7 8 |  8.9
Fighting       | 1 2 3 4 5 6 7 8 |  8.1
Short Blades   | 1 2 3 4 5 6 7 8 |  8.1
Long Blades    | 1 2 3 4 5 6 7 8 |  8.1
Axes           | 1 2 3 4 5 6 7 8 |  8.1
Maces & Flails | 1 2 3 4 5 6 7 8 |  8.1
Polearms       | 1 2 3 4 5 6 7 8 |  8.1
Staves         | 1 2 3 4 5 6 7 8 |  8.1
Slings         | 1 2 3 4 5 6 7 8 |  8.1
Bows           | 1 2 3 4 5 6 7 8 |  8.1
Crossbows      | 1 2 3 4 5 6 7 8 |  8.1
Throwing       | 1 2 3 4 5 6 7 8 |  8.1
Armour         | 1 2 3 4 5 6 7 8 |  8.1
Shields        | 1 2 3 4 5 6 7 8 |  8.1
Unarmed Combat | 1 2 3 4 5 6 7 8 |  8.1
Evocations     | 1 2 3 4 5 6 7 8 |  8.1
Conjurations   | 1 2 3 4 5 6 |  6.8
Hexes          | 1 2 3 4 5 6 |  6.8
Charms         | 1 2 3 4 5 6 |  6.8
Summonings     | 1 2 3 4 5 6 |  6.8
Translocations | 1 2 3 4 5 6 |  6.8
Transmutations | 1 2 3 4 5 6 |  6.8
Fire Magic     | 1 2 3 4 5 6 |  6.8
Ice Magic      | 1 2 3 4 5 6 |  6.8
Air Magic      | 1 2 3 4 5 6 |  6.8
Earth Magic    | 1 2 3 4 5 6 |  6.8
Poison Magic   | 1 2 3 4 5 6 |  6.8
Dodging        | 5 6 7 8 9 |  9.4
Stealth        | 5 6 7 8 9 |  9.2
Necromancy     | 8 9 |  9.9

Action                   |  1- 3 |  4- 6 |  7- 9 | 10-12 | 13-15 || total
-------------------------+-------+-------+-------+-------+-------++-------
Melee: Dagger            |    20 |    29 |    45 |    25 |       ||   119
       Short sword       |    10 |    90 |    63 |       |     3 ||   166
       Bite              |     1 |     5 |    28 |    61 |    14 ||   109
       Flail             |       |       |    99 |       |       ||    99
       Falchion          |       |       |    74 |   332 |    89 ||   495
       War axe           |       |       |    37 |   177 |    41 ||   255
       Staff             |       |       |       |     1 |     4 ||     5
 Fire: Hunting sling     |       |       |    18 |       |       ||    18
Throw: Dart              |       |     7 |    13 |       |       ||    20
       Boomerang         |       |       |     4 |   129 |    17 ||   150
       Throwing net      |       |       |       |     3 |       ||     3
       Javelin           |       |       |       |       |     1 ||     1
 Cast: Pain              |    27 |    76 |    69 |    28 |     1 ||   201
       Animate Skeleton  |    16 |    28 |    31 |    46 |    20 ||   141
       Regeneration      |       |     2 |    11 |    35 |     2 ||    50
       Vampiric Draining |       |     4 |     2 |    10 |       ||    16
       Apportation       |       |       |    11 |    37 |    12 ||    60
       Confusing Touch   |       |       |     1 |     4 |     5 ||    10
       Animate Dead      |       |       |       |     5 |     3 ||     8
       Summon Lightning  |       |       |       |    19 |    16 ||    35
       Fulminant Prism   |       |       |       |     4 |     4 ||     8
Invok: Animate Remains   |       |       |       |     1 |       ||     1
       Recall Undead Sla |       |       |       |     1 |       ||     1
Evoke: Wand              |       |       |     7 |     6 |     1 ||    14
       Sack of spiders   |       |       |       |     5 |       ||     5
  Use: Scroll            |     2 |     5 |     8 |    10 |     1 ||    26
       Potion            |       |       |     2 |     6 |       ||     8
 Stab: Sleeping          |    13 |     3 |     7 |     3 |       ||    26
       Distracted        |     1 |     1 |     1 |     7 |     3 ||    13
       Confused          |       |     2 |       |     4 |       ||     6
       Invisible         |       |       |       |     5 |       ||     5
       Held in net/web   |       |       |       |     5 |       ||     5
  Eat: Chunk             |       |     5 |     8 |    18 |     4 ||    35
       Ration            |       |       |     1 |     1 |       ||     2
Armor: Robe              |     8 |    31 |    41 |       |       ||    80
       Ring mail         |       |       |    43 |     5 |       ||    48
       Scale mail        |       |       |       |   182 |    42 ||   224
Dodge: Dodged            |    23 |   103 |   227 |   301 |    64 ||   718
Block: Buckler           |     1 |    31 |    72 |   149 |    33 ||   286
       Shield            |       |       |       |       |    19 ||    19
       Rpst.: Falchion   |       |       |    17 |    42 |     5 ||    64

Table legend:
 A = Non-vault XP
 B = Vault XP
 C = Vault XP percentage of total XP
 D = Non-vault monster count
 E = Vault monster count
 F = Vault count percentage of total count
                 A         B        C        D         E       F
            +---------+---------+-------+---------+---------+-------
      Total |   27048 |   15052 |  35.8 |     329 |     145 |  30.6
            +---------+---------+-------+---------+---------+-------
        D:1 |      48 |       0 |   0.0 |      24 |       0 |   0.0
        D:2 |      42 |       0 |   0.0 |      15 |       0 |   0.0
        D:3 |     381 |      86 |  18.4 |      47 |       4 |   7.8
        D:4 |     250 |      35 |  12.3 |      24 |      13 |  35.1
        D:5 |     936 |       0 |   0.0 |      31 |       0 |   0.0
        D:6 |     501 |     227 |  31.2 |      14 |       1 |   6.7
        D:7 |    1105 |     952 |  46.3 |      22 |       9 |  29.0
        D:8 |    1101 |     603 |  35.4 |      24 |      11 |  31.4
     Lair:1 |    3467 |       0 |   0.0 |      19 |       0 |   0.0
     Lair:2 |    2262 |       0 |   0.0 |      15 |       0 |   0.0
     Lair:3 |    4156 |    2380 |  36.4 |      22 |       4 |  15.4
     Lair:4 |    4093 |     639 |  13.5 |      25 |       5 |  16.7
     Lair:5 |    3950 |       0 |   0.0 |      18 |       0 |   0.0
     Lair:6 |    4756 |    5264 |  52.5 |      29 |      19 |  39.6
    Ossuary |       0 |     272 | 100.0 |       0 |      51 | 100.0
      IceCv |       0 |    4594 | 100.0 |       0 |      28 | 100.0
            +---------+---------+-------+---------+---------+-------
